 Dungeon Crawl Stone Soup version 0.28.0-53-g5a82cb258f (console) character file.

Game seed: 6997128157341181357

889 Banquo the Ducker (level 8, 0/59 HPs)
             Began as a Djinni Gladiator on May 20, 2022.
             Slain by a sky beast (6 damage)
             ... on level 4 of the Dungeon.
             The game lasted 00:10:38 (5753 turns).

Banquo the Ducker (Djinni Gladiator)                Turns: 5753, Time: 00:10:39

Health: 0/59       AC:  5    Str: 13    XL:     8   Next: 27%
Gold:   217        EV: 14    Int: 12    God:
                   SH:  0    Dex: 18

rFire   + + .      SeeInvis .   B - +8 whip "Qejatwef" {freeze, Dex+3}
rCold   x . .      Faith    .   (no shield)
rNeg    . . .      Spirit   .   b - +0 leather armour
rPois   ∞          Reflect  .   c - +0 helmet
rElec   .          Harm     .   (no cloak)
rCorr   .          Rampage  .   k - +0 pair of gloves
Will    .....                   (boots unavailable)
Stlth   +.........              (no amulet)
HPRegen 0.19/turn               (no ring)
MPRegen 0.00/turn               (no ring)

@: flying
A: sickness immunity, fire resistance 2, cold vulnerability 1, float, innate
caster, HP casting, extra vitality 1
a: no special abilities


You were on level 4 of the Dungeon.
You visited 1 branch of the dungeon, and saw 5 of its levels.

You collected 217 gold pieces.

Inventory:

Hand Weapons
 a - a +0 rapier
 r - a +0 spear
 B - the +8 whip "Qejatwef" (weapon) {freeze, Dex+3}
   (You found it on level 4 of the Dungeon)

   It freezes those it strikes, dealing additional cold damage.
   It can also slow down cold-blooded creatures.
   Dex:       It affects your dexterity (+3).
Missiles
 d - 5 throwing nets (quivered)
 x - 8 poisoned darts
Armour
 b - a +0 leather armour (worn)
 c - a +0 helmet (worn)
 k - a +0 pair of gloves (worn)
Magical Staves
 j - a staff of death
 C - a staff of fire
Wands
 y - a wand of digging (2)
Scrolls
 e - a scroll of vulnerability {unknown}
 h - 2 scrolls of holy word {unknown}
 i - a scroll of immolation {unknown}
 l - a scroll of fog {unknown}
 n - 4 scrolls of identify {unknown}
 q - a scroll of teleportation {unknown}
 t - a scroll of magic mapping {unknown}
 w - 2 scrolls of blinking {unknown}
 A - a scroll of enchant armour {unknown}
Potions
 f - a potion of magic {unknown}
 g - a potion of haste {unknown}
 m - 2 potions of attraction {unknown}
 o - a potion of flight {unknown}
 p - a potion of heal wounds {unknown}
 s - 2 potions of might
 u - 3 potions of lignification {unknown}
 v - a potion of berserk rage {unknown}
 z - 2 potions of invisibility {unknown}
 D - a potion of curing {unknown}


   Skills:
 * Level 5.0 Fighting
 + Level 5.5 Short Blades
 - Level 1.5 Throwing
 + Level 5.6 Dodging
 * Level 2.2 Spellcasting


You had 5 spell levels left.
You knew the following spells:

 Your Spells              Type           Power      Damage    Failure   Level
a - Pain                  Necr           24%        1d5       14%         1
r - Searing Ray           Conj           12%        2d4       21%         2
s - Swiftness             Air            6%         N/A       38%         3
Your spell library was empty.

Dungeon Overview and Level Annotations

Branches:
Dungeon (5/15)
 Temple: D:4-7

Altars:
Cheibriados
Gozag
Vehumet
Wu Jian

Shops:
D:2 (


Innate Abilities, Weirdness & Mutations

You are immune to sickness and miasma.
You are immune to poison.
Your flesh is very heat resistant. (rF++)
You are vulnerable to cold. (rC-)
You float through the air rather than walking.
You learn spells naturally, not from books.
Your magical power is your life essence.
You have superior vitality. (+4 MHP)


Message History

Deactivating autopickup; reactivate with Ctrl-A.
Something hits you but does no damage.
You miss something. Something hits you but does no damage.
You hit something. You freeze something. Something barely misses you.
You hit something. You freeze something. Something hits you but does no damage.
You hit something. You freeze something. Something hits you but does no damage.
Something barely misses you.
You closely miss something.
The orc priest shouts!
The orc misses you. Something hits you. Something shocks you.
The orc closely misses you.
You miss something. Something hits you but does no damage.
The orc hits you with a +0 mace.
You closely miss something. Something hits you. Something shocks you.
The orc barely misses you.
You closely miss something.
The orc priest casts a cantrip, but nothing happens.
Something hits you. Something shocks you. The orc hits you with a +0 mace.
The orc priest mumbles some strange prayers to Beogh against you.
Beogh smites you!
The orc priest mumbles some strange prayers to Beogh against you.
Beogh smites you!
* * * LOW HITPOINT WARNING * * *
There is a stone staircase leading up here.
Something hits you.
* * * LOW HITPOINT WARNING * * *
Something shocks you.
* * * LOW HITPOINT WARNING * * *
The orc completely misses you.
You fly upwards.
Reactivating autopickup.
There is a stone staircase leading down here.
You whack the orc! You freeze the orc.
You kill the orc!
Something hits you but does no damage.
Deactivating autopickup; reactivate with Ctrl-A.
Something hits you.
* * * LOW HITPOINT WARNING * * *
Something shocks you.
You die...

###### ### ###....####
##.# #.........## #..#
#..........## #..#
#...........# #.##
##.........))# ##.#
#...........># ##..#
#..........@## #..##
##...........## ##...##
#............###.....#
#....................##
###########...##......#
#...###......# ##..##
#......##
#..#####.....#.##
##.....#########.##


There were no monsters in sight!

Vanquished Creatures
  A water moccasin (D:5)
  2 black bears
  An ogre (D:5)
  A necrophage (D:5)
  2 scorpions (D:4)
  A water moccasin skeleton (D:5)
  A centaur zombie (D:5)
  An orc priest (D:5)
  2 orc wizards
  7 adders
  An adder skeleton (D:4)
  A worm (D:4)
  3 dart slugs
  14 orcs
  8 endoplasms
  2 giant cockroaches
  6 goblins
  4 hobgoblins
  3 jackals (D:2)
  3 kobolds
  4 quokkas
  9 ball pythons
  6 bats
  3 rats
86 creatures vanquished.

Vanquished Creatures (others)
  A plant (D:2)
1 creature vanquished.

Grand Total: 87 creatures vanquished

Notes
Turn   | Place    | Note
-------+----------+-------------------------------------------
     0 | D:1      | Banquo the Djinni Gladiator began the quest for the Orb.
     0 | D:1      | Reached XP level 1. HP: 18/18 MP: 0/0
   343 | D:1      | Reached XP level 2. HP: 23/23 MP: 0/0
   921 | D:2      | Reached XP level 3. HP: 28/28 MP: 0/0
   921 | D:2      | Learned a level 1 spell: Pain
  1321 | D:2      | Reached XP level 4. HP: 11/33 MP: 0/0
  1527 | D:2      | Found a faded altar of an unknown god.
  1624 | D:2      | Found Naxapsit's Antique Weapon Shoppe.
  2135 | D:3      | Found a snail-covered altar of Cheibriados.
  2733 | D:3      | Reached XP level 5. HP: 36/39 MP: 0/0
  2733 | D:3      | Learned a level 2 spell: Searing Ray
  3143 | D:4      | Reached skill level 1 in Spellcasting
  3372 | D:4      | Found an opulent altar of Gozag.
  3373 | D:4      | Identified the +8 whip "Qejatwef" {freeze, Dex+3}
  3544 | D:4      | Found an ornate altar of the Wu Jian Council.
  3565 | D:4      | Reached XP level 6. HP: 34/45 MP: 0/0
  4459 | D:5      | Entered Level 5 of the Dungeon
  4459 | D:5      | Noticed a black bear
  4471 | D:4      | Killed a black bear
  4472 | D:4      | Reached XP level 7. HP: 15/50 MP: 0/0
  4472 | D:4      | Learned a level 3 spell: Swiftness
  4687 | D:5      | Noticed a water moccasin
  4697 | D:5      | Reached skill level 5 in Short Blades
  5192 | D:5      | Reached skill level 5 in Dodging
  5304 | D:5      | Killed a water moccasin
  5309 | D:5      | Reached XP level 8. HP: 23/58 MP: 0/0
  5664 | D:5      | Reached skill level 5 in Fighting
  5753 | D:4      | Slain by a sky beast

Illustrated notes

Levels and vault maps discovered:
D:1:      minmay_arrival_four_circles, layout_loops_ring, minmay_tiny_reverse_x
D:2:      cheibrodos_helix_gallery, layout_rooms, serial_shops, shop,
          shapermc_ecumenical_altar_hornbeckon
D:3:      layout_loops_ring, mainiacjoe_overflow_paths
D:4:      layout_cave_pods, nicolae_wu_jian_wuxing_cycle,
          mainiacjoe_overflow_catwalk_spiral, serial_rivers,
          chequers_serial_rivers_room_b, chequers_serial_rivers_small_b,
          chequers_serial_rivers_micro_a, chequers_serial_rivers_micro_b,
          chequers_serial_rivers_small_b
D:5:      layout_layer_cave, minmay_misc_feat_room

Skill      XL: |  1  2  3  4  5  6  7  8 |
---------------+-------------------------+-----
Short Blades   | 3 4 5 |  5.5
Dodging        | 4 5 |  5.6
Spellcasting   | 1 2 |  2.2
Fighting       | 3 4 5 |  5.0
Throwing       | |  1.5

Action                   |  1- 3 |  4- 6 |  7- 9 || total
-------------------------+-------+-------+-------++-------
Melee: Rapier            |   116 |   115 |       ||   231
       Punch             |     1 |       |     1 ||     2
       Whip              |       |    49 |    70 ||   119
 Stab: Sleeping          |     1 |     1 |       ||     2
Armor: Leather armour    |    40 |    48 |    18 ||   106
Dodge: Dodged            |    75 |   122 |    48 ||   245
